 Dungeon Crawl Stone Soup version 0.30.1-9-gdf580d7c3d (webtiles) character file.

Game seed: 372175679417606527

10074 pkoi the Grappler (level 11, -8/81 HPs)
             Began as a White Draconian Monk on Oct 23, 2023.
             Was an Elder of Hepliaklqana.
             Killed from afar by a wretched star (29 damage)
             ... with a lance of force
             ... on level 1 of the Abyss.
             The game lasted 00:18:52 (11223 turns).

pkoi the Grappler (White Draconian Monk)           Turns: 11223, Time: 00:18:52

Health: -8/81      AC: 11    Str: 10    XL:     11   Next: 31%
Magic:  18/18      EV: 13    Int: 11    God:    Hepliaklqana [****..]
Gold:   1053       SH:  5    Dex:  9    Spells: 10/10 levels left

rFire   . .          .
                       - Unarmed
rCold   + + .        (no shield)
rNeg    + . .        (body armour unavailable)
rPois   .            (helmet restricted)
rElec   .            x - scarf {repulsion}
rCorr   .            l - +0 pair of gloves
SInv    .            j - +2 pair of boots
Will    .....        r - amulet of reflection
Stlth   +++          f - ring of positive energy
HPRegen 0.33/turn    t - ring of protection from cold
MPRegen 0.16/turn

%: repel missiles, reflection
@: about to teleport, slowed, unable to read, very slow
A: reduced essence, breathe frost, AC +7, unfitting armour, cold resistance 1,
cold-blooded, [clumsy 2], [deterioration 2], [dopey 2], [weak 2], [inability to
read after injury 2]
a: Breathe Frost, Renounce Religion, Recall Ancestor, Ancestor Identity,
Transference, Idealise


You were on level 1 of the Abyss.
You worshipped Hepliaklqana.
Hepliaklqana was greatly pleased with you.
You visited 2 branches of the dungeon, and saw 12 of its levels.
You visited the Abyss 1 time.

You collected 1053 gold pieces.

Inventory:

Hand Weapons
 a - a +3 dagger of venom
 g - a +0 sling of chaos
Missiles
 i - 36 poisoned darts (quivered)
 s - 4 curare-tipped darts
Armour
 b - an orb of light
 j - a +2 pair of boots (worn)
 l - a +0 pair of gloves (worn)
 x - a scarf of repulsion (worn)
Jewellery
 f - a ring of positive energy (left hand)
 h - a ring of fire
 n - a +4 ring of protection
 r - an amulet of reflection (around neck)
 t - a ring of protection from cold (right hand)
 E - a ring of poison resistance
Wands
 o - a wand of roots (7)
 z - a wand of mindburst (5)
 A - a wand of polymorph (3)
 B - a wand of paralysis (5)
Scrolls
 d - 7 scrolls of teleportation
 e - 3 scrolls of fog
 m - a scroll of silence
 v - 2 scrolls of fear
 y - 3 scrolls of identify
 D - a scroll of blinking
Potions
 c - 2 potions of curing
 k - 3 potions of haste
 p - 4 potions of flight
 q - a potion of berserk rage
 u - a potion of cancellation
 w - 2 potions of invisibility


   Skills:
 + Level 6.5 Fighting
 + Level 6.3 Dodging
 - Level 6.0 Stealth
 + Level 11.6 Unarmed Combat
 - Level 10.5 Invocations


You had 10 spell levels left.
You didn't know any spells.
Your spell library contained the following spells:

 Spells                   Type           Power      Damage    Failure   Level
 Beastly Appendage        Tmut           0%         N/A       34%         1
 Kiss of Death            Conj/Necr      0%         2d5       34%         1
 Magic Dart               Conj           0%         1d3       34%         1
 Call Imp                 Summ           0%         N/A       47%         2
 Lesser Beckoning         Tloc           0%         N/A       47%         2
 Wereblood                Tmut           0%         N/A       47%         2
 Call Canine Familiar     Summ           0%         N/A       71%         3
 Confusing Touch          Hex            0%         N/A       71%         3
 Frozen Ramparts          Ice            0%         1d1       71%         3
 Gell's Gravitas          Tloc           0%         N/A       71%         3
 Ignite Poison            Fire/Tmut/Pois 0%         N/A       71%         3
 Mephitic Cloud           Conj/Pois/Air  0%         N/A       71%         3
 Portal Projectile        Hex/Tloc       0%         N/A       71%         3
 Spider Form              Tmut/Pois      0%         N/A       71%         3
 Teleport Other           Tloc           0%         N/A       71%         3
 Dispel Undead            Necr           0%         3d6       98%         4
 Ice Form                 Ice/Tmut       0%         N/A       98%         4
 Leda's Liquefaction      Hex/Erth       0%         N/A       98%         4
 Sticky Flame             Conj/Fire      0%         2d3       98%         4
 Summon Ice Beast         Ice/Summ       0%         N/A       98%         4
 Summon Forest            Summ/Tloc      0%         N/A       100%        5
 Summon Mana Viper        Hex/Summ       0%         N/A       100%        5
 Summon Cactus Giant      Summ           0%         N/A       100%        6
 Ignition                 Fire           0%         3d3       100%        8


Dungeon Overview and Level Annotations

Branches:
Dungeon (11/15)            Temple (1/1) D:5            Lair (0/5) D:10
    Orc (0/2) D:10

Altars:
Ashenzari
Cheibriados
Dithmenos
Elyvilon
Fedhas
Gozag
Hepliaklqana
Kikubaaqudgha
Makhleb
Nemelex Xobeh
Okawaru
Qazlal
Ru
Sif Muna
Trog
Uskayaw
Vehumet
Wu Jian
Xom
Yredelemnul
Zin
The Shining One

Shops:
D:3 (   D:7 [

Annotations:
D:9 5 runed translucent doors, lonewolfV2's ghost, novice MiFi
D:11 Psyche


Innate Abilities, Weirdness & Mutations

Your life essence is reduced to manifest your ancestor. (-10% HP)
You can breathe waves of freezing cold which knock back foes.
Your icy white scales are hard. (AC +7)
You cannot fit into any form of body armour.
Your flesh is cold resistant. (rC+)
You are cold-blooded and may be slowed by cold attacks.
[You are very clumsy. (Dex -4)]
[Your body often deteriorates upon taking damage.]
[You are very dopey. (Int -4)]
[You are very weak. (Str -4)]
[You sometimes lose the ability to read scrolls when taking damage.]


Message History

You hit the wretched star but do no damage.
Your tail-slap misses the wretched star.
The wretched star is lightly damaged.
The wretched star pulses with an eldritch light!
You occasionally lose the ability to read scrolls when taking damage.
You lose the ability to read scrolls when taking damage more often.
Unknown command.
You punch the wretched star!
You tail-slap the wretched star, but do no damage.
The wretched star is moderately damaged.
The wretched star pulses with an eldritch light!
You feel yourself wasting away.
You feel your body start to fall apart.
Unknown command.
You closely miss the wretched star.
The wretched star is moderately damaged.
The wretched star glows turbulently.
The lance of force misses you.
A wretched star comes into view.
Unknown command.
You hit the wretched star but do no damage.
You tail-slap the wretched star.
The wretched star is moderately damaged.
The wretched star glows turbulently.
The lance of force misses you.
Unknown command.
You closely miss the wretched star.
Your tail-slap misses the wretched star.
The wretched star is moderately damaged.
Unknown command.
You hit the wretched star. You tail-slap the wretched star.
The wretched star is moderately damaged.
Unknown command.
You hit the wretched star.
The wretched star is moderately damaged.
The wretched star glows turbulently.
The lance of force misses you.
The wretched star glows turbulently.
The lance of force hits you!!
You feel threatened and lose the ability to read scrolls!
You die...

.. # .. .#. .
#.# # # #. . #
.. .. ##.
..#.#... . #
#.#... #.#.
#..##.#....
....
##..*...... .
#@.#....
#*#.......###..
..#.#.... .
.##..# ......#
.## .##. ... .#
. ....#. . #
#..# .# # . .#
#> . ##


You could see 2 wretched stars.

Vanquished Creatures
  Pikel (D:9)
  A gargoyle (D:10)
  A kobold demonologist (D:10)
  A freezing wraith (Abyss:1)
  Prince Ribbit (D:6)
  A hornet (D:10)
  2 shadows (D:10)
  A yak (D:10)
  A water moccasin (D:7)
  An acid dragon (D:10)
  2 floating eyes (D:10)
  2 ice beasts (D:7)
  An orc warrior (D:10)
  A sky beast (D:8)
  7 ogres (D:10)
  4 centaurs
  A kobold brigand (D:8)
  2 phantoms (D:10)
  3 bullfrogs
  A scorpion (D:5)
  5 wights
  Dowan (D:6)
  10 killer bees
  A troll zombie (D:10)
  7 howler monkeys
  3 hounds
  A jelly (D:7)
  An orc priest (D:10)
  Jessica (D:2)
  3 orc wizards (D:10)
  An iguana (D:5)
  3 ogre zombies (D:10)
  7 adders
  A shadow imp (D:8)
  3 white imps
  An ufetubus (D:5)
  A worm (D:2)
  A dart slug (D:1)
  10 orcs
  6 ball pythons
  2 bats
  14 endoplasms
  3 giant cockroaches (D:2)
  12 goblins
  6 hobgoblins
  4 quokkas
  4 frilled lizards
  A hobgoblin skeleton (D:10)
  A hobgoblin zombie (D:10)
  19 kobolds
  4 orc skeletons (D:10)
  11 orc zombies (D:10)
  7 rats
190 creatures vanquished.

Vanquished Creatures (collateral kills)
  A boulder beetle (D:11)
  A two-headed ogre (D:10)
  Lodul (D:10)
  Maggie (D:9)
  A troll (D:10)
  3 wyverns
  Menkaure (D:7)
  Duvessa (D:6)
  A black bear (D:7)
  An orc warrior (D:7)
  A sky beast (D:8)
  2 ogres
  A phantom (D:6)
  2 centaurs
  A lemure (D:9)
  5 kobold brigands
  2 scorpions (D:6)
  A wight (D:7)
  A troll zombie (D:10)
  2 howler monkeys
  A hound (D:7)
  3 orc priests (D:7)
  An iguana (D:5)
  An orc wizard (D:8)
  An ogre zombie (D:10)
  2 adders
  A dart slug (D:5)
  6 orcs
  12 kobolds
  An orc zombie (D:10)
59 creatures vanquished.

Vanquished Creatures (others)
  5 hexers
5 creatures vanquished.

Grand Total: 254 creatures vanquished

Notes
Turn   | Place    | Note
-------+----------+-------------------------------------------
     0 | D:1      | pkoi the Draconian Monk began the quest for the Orb.
     0 | D:1      | Reached XP level 1. HP: 19/19 MP: 1/1
   105 | D:1      | Reached XP level 2. HP: 20/26 MP: 2/2
   162 | D:1      | You fall into a shaft and drop 1 floor!
   326 | D:1      | Reached skill level 4 in Unarmed Combat
   486 | D:1      | Reached XP level 3. HP: 31/31 MP: 3/3
  1148 | D:2      | Reached XP level 4. HP: 30/38 MP: 4/4
  1247 | D:2      | Reached skill level 5 in Unarmed Combat
  1420 | D:2      | Noticed Jessica
  1429 | D:2      | Killed Jessica
  2002 | D:3      | Found Xyaneibb's Weapon Shoppe.
  2061 | D:3      | Found a hazy altar of Hepliaklqana.
  2159 | D:3      | Became a worshipper of Hepliaklqana the Forgotten
  2159 | D:3      | Reached * piety under Hepliaklqana
  2159 | D:3      | Reached ** piety under Hepliaklqana
  2160 | D:3      | Remembered your ancestor Zimri as a hexer
  2215 | D:3      | Reached XP level 5. HP: 40/40 MP: 5/5
  2704 | D:4      | Found a shadowy altar of Dithmenos.
  2826 | D:4      | Reached skill level 6 in Unarmed Combat
  2826 | D:4      | Reached skill level 1 in Invocations
  3315 | D:5      | Entered Level 5 of the Dungeon
  3325 | D:5      | Found a staircase to the Ecumenical Temple.
  3528 | Temple   | Entered the Ecumenical Temple
  3801 | D:5      | Reached XP level 6. HP: 39/45 MP: 7/7
  3982 | D:5      | Reached *** piety under Hepliaklqana
  4081 | D:5      | Found a shimmering altar of Xom.
  4616 | D:6      | Reached skill level 1 in Stealth
  4616 | D:6      | Your scales start taking on an icy white colour.
  4616 | D:6      | Reached XP level 7. HP: 51/51 MP: 9/9
  4616 | D:6      | Gained mutation: Your flesh is cold resistant. (rC+) [White
                  | Draconian growth]
  4705 | D:6      | Reached skill level 7 in Unarmed Combat
  4828 | D:6      | Noticed Prince Ribbit
  4840 | D:6      | Killed Prince Ribbit
  4867 | D:6      | Noticed Duvessa
  4867 | D:6      | Noticed Dowan
  4877 | D:6      | Killed Dowan
  4878 | D:6      | Killed Duvessa
  4879 | D:6      | Reached XP level 8. HP: 38/60 MP: 11/11
  5347 | D:7      | Found Hatzaum's Antique Armour Shoppe.
  5356 | D:7      | Reached skill level 5 in Fighting
  5356 | D:7      | Reached skill level 5 in Invocations
  5380 | D:7      | Noticed Menkaure
  5389 | D:7      | Killed Menkaure
  5594 | D:7      | Reached skill level 8 in Unarmed Combat
  5600 | D:7      | Reached XP level 9. HP: 64/67 MP: 13/13
  5992 | D:7      | Reached **** piety under Hepliaklqana
  6169 | D:8      | Reached skill level 5 in Dodging
  6384 | D:8      | Found a radiant altar of Vehumet.
  6925 | D:8      | Reached skill level 5 in Stealth
  7370 | D:9      | Found a white marble altar of Elyvilon.
  7457 | D:9      | Noticed Pikel
  7471 | D:9      | Killed Pikel
  7472 | D:9      | Reached skill level 9 in Unarmed Combat
  7637 | D:9      | Found a bloodstained altar of Trog.
  7681 | D:9      | Noticed Maggie
  7697 | D:9      | Reached XP level 10. HP: 74/74 MP: 15/15
  7706 | D:9      | Paralysed by Maggie for 2 turns
  7724 | D:9      | Killed Maggie
  8136 | D:9      | Found a runed translucent door.
  8138 | D:9      | Found a runed translucent door.
  8187 | D:9      | Found a runed translucent gate.
  8187 | D:9      | Found a runed translucent gate.
  8187 | D:9      | Found a runed translucent gate.
  8188 | D:9      | Noticed a spectral centaur warrior
  8190 | D:9      | Noticed a spectral centaur warrior
  8191 | D:9      | Noticed lonewolfV2's ghost (novice MiFi)
  8403 | D:10     | Entered Level 10 of the Dungeon
  8820 | D:10     | Reached skill level 10 in Unarmed Combat
  8829 | D:10     | Noticed Lodul
  8857 | D:10     | HP: 1/74 [Lodul/bolt of lightning (21)]
  9242 | D:10     | Killed Lodul
  9774 | D:10     | Noticed a two-headed ogre
  9786 | D:10     | HP: 3/74 [two-headed ogre/+0 giant club (28)]
  9792 | D:10     | Killed a two-headed ogre
  9793 | D:10     | Reached skill level 11 in Unarmed Combat
  9793 | D:10     | Reached skill level 10 in Invocations
  9793 | D:10     | Reached XP level 11. HP: 5/80 MP: 18/18
 10430 | D:10     | Paralysed by a floating eye for 3 turns
 10537 | D:10     | Found a staircase to the Lair.
 10647 | D:10     | Found a staircase to the Orcish Mines.
 11080 | D:11     | Noticed a boulder beetle
 11099 | D:11     | Killed a boulder beetle
 11117 | D:11     | Noticed Psyche
 11126 | Abyss:1  | Cast into level 1 of the Abyss (Psyche)
 11204 | Abyss:1  | Noticed a wretched star
 11219 | Abyss:1  | Noticed a wretched star
 11223 | Abyss:1  | Killed from afar by a wretched star

Illustrated notes

Levels and vault maps discovered:
D:1:      minmay_arrival_radiant_lines, layout_rooms, serial_forest,
          infiniplex_forest_lined_1, infiniplex_forest_end_1,
          infiniplex_forest_end_2, infiniplex_forest_clump_double,
          infiniplex_forest_straight_1, infiniplex_forest_end_3,
          infiniplex_forest_clump_small, minmay_misc_feat_rows
D:2:      minmay_chambers_of_twos, layout_basic, minmay_statues_item,
          uniq_jessica
D:3:      layout_basic, worldfamousw_hep_ancestral_shrine, serial_shops,
          nicolae_shop_bloodbath_and_beyond
D:4:      layout_basic, grunt_dithmenos_smoke_and_mirrors
D:5:      minmay_evil_eye, layout_rooms, mainiacjoe_overflow_six_doors_small,
          minmay_temple_entry_mini_moons
D:6:      layout_basic, uniq_prince_ribbit1, uniq_duvessa
D:7:      layout_cave_pools, serial_shops, nicolae_shop_just_a_little_nook,
          uniq_menkaure
D:8:      layout_layer_cave, nicolae_vehumet_radiance
D:9:      lemuel_insect_pit, layout_loops_ring, elyvilon_altar_5, trog_book,
          gammafunk_ghost_necromancy, uniq_pikel, uniq_maggie
D:10:     layout_loops_ring, dpeg_oklobed_lair, zombieorc1_lemuel,
          kennysheep_doodads, onia_ninara_cookie, uniq_lodul
D:11:     layout_basic, portal_ice_cave_entry_pillars_1, serial_shops, shop,
          nicolae_shop_behind_doors, minmay_joined_circles, uniq_grum,
          uniq_psyche
Temple:   nicolae_temple_slightly_damp_pantheon
Abyss:1:  base:
D:10

Skill      XL: |  1  2  3  4  5  6  7  8  9 10 |
---------------+-------------------------------+-----
Unarmed Combat | 4 5 6 7 8 9 11 | 11.6
Invocations    | 2 3 4 5 7 10 | 10.5
Stealth        | 1 2 4 5 6 |  6.0
Dodging        | 3 4 6 |  6.3
Fighting       | 4 5 6 |  6.5

Action                     |  1- 3 |  4- 6 |  7- 9 | 10-12 || total
---------------------------+-------+-------+-------+-------++-------
  Melee: Unarmed           |   102 |    78 |   211 |   330 ||   721
         Tailslap          |    14 |    18 |    30 |    76 ||   138
         Punch             |     2 |     4 |     8 |    21 ||    35
         Dagger            |    11 |    88 |    11 |    20 ||   130
 Invoke: Ancestor Life: He |       |     1 |       |       ||     1
         Ancestor Identity |       |     1 |       |       ||     1
         Recall Ancestor   |       |     1 |     3 |     3 ||     7
         Idealise          |       |       |       |     1 ||     1
Ability: Breathe Frost     |       |       |       |     1 ||     1
  Evoke: Wand              |       |       |       |     1 ||     1
    Use: Scroll            |     2 |     8 |     6 |     5 ||    21
         Potion            |     2 |     1 |     7 |     2 ||    12
   Stab: Sleeping          |     2 |     2 |       |       ||     4
         Confused          |       |     2 |     4 |     9 ||    15
         Distracted        |       |     1 |     2 |     3 ||     6
 Armour: Skin              |    37 |    52 |    64 |    66 ||   219
  Dodge: Dodged            |    72 |    82 |   118 |   200 ||   472
         Repelled          |       |       |     2 |     5 ||     7
  Block: Other             |       |       |    15 |    64 ||    79
         Reflection        |       |       |     3 |       ||     3
